 Dungeon Crawl Stone Soup version 0.31-a0-728-g01b46875f1 (webtiles) character file.

Game seed: 13787382909456604667

36994 LeprechaunX the Metamorph (level 13, -8/118 HPs)
             Began as an Octopode Shapeshifter on Sept 11, 2023.
             Was an Elder of Hepliaklqana.
             Mangled by a death yak (20 damage)
             ... on level 5 of the Lair of Beasts.
             The game lasted 00:46:58 (19196 turns).

LeprechaunX the Metamorph (Octopode Shapeshifter)  Turns: 19196, Time: 00:46:59

Health: -8/118     AC: 16    Str: 33    XL:     13   Next: 93%
Magic:  15/15      EV: 12    Int: 12    God:    Hepliaklqana [****..]
Gold:   2576       SH:  5    Dex: 20    Spells: 12/12 levels left

rFire   + +          .
                       - Unarmed
rCold   x . .        S - melded +0 buckler of the Stars {rC+ Dex+2}
rNeg    . . .        I - melded +1 hat {SInv}
rPois   +            y - amulet of reflection
rElec   .            q - ring "Wepluiva" {Drain Fly Str+4 Dex+3}
rCorr   .            u - +6 ring of dexterity
SInv    .            w - +4 ring of protection
Will    .....        P - ring of poison resistance
Stlth   ++           (no ring)
HPRegen 0.39/turn    (no ring)
MPRegen 0.14/turn    (no ring)
                     (no ring)

%: reflection
@: dragon-form, flying
A: dragon claw, dragon scales, breathe fire, flying, boosted hp, reduced
essence, almost no armour, amphibious, 8 rings, giant, (camouflage 1),
(gelatinous body 1), (nimble swimmer 1), (tentacles)
a: Breathe Fire, Begin Untransformation, Renounce Religion, Recall Ancestor,
Ancestor Identity, Transference, Idealise


You were on level 5 of the Lair of Beasts.
You worshipped Hepliaklqana.
Hepliaklqana was greatly pleased with you.
You were a fearsome dragon!
You visited 3 branches of the dungeon, and saw 17 of its levels.
You also visited: Trove, Sewer and Ice Cave.

You collected 2648 gold pieces.
You spent 72 gold pieces at shops.

Inventory:

Hand Weapons
 a - a +4 longbow of draining
 R - the +5 war axe of Strategic Superiority {freeze, rPois Str+4}
   (You found it in a treasure trove)

   Str+4:     It affects your strength (+4).
   rPois:     It protects you from poison
 U - the +1 battleaxe of Classification {vamp, rCorr Str+5 Dex+3}
   (You found it in a treasure trove)

   Str+5:     It affects your strength (+5).
   Dex+3:     It affects your dexterity (+3).
   rCorr:     It protects you from acid and corrosion.
Missiles
 z - a throwing net
Armour
 I - a +1 hat of see invisible (melded)
 S - the +0 buckler of the Stars (melded) {rC+ Dex+2}
   (You found it in a treasure trove)

   Dex+2:     It affects your dexterity (+2).
   rC+:       It protects you from cold.
 W - a +0 hat of willpower
Jewellery
 q - the ring "Wepluiva" (left foreclaw) {Drain Fly Str+4 Dex+3}
   (You found it on level 3 of the Dungeon)

   [ring of flight]

   Str+4:     It affects your strength (+4).
   Dex+3:     It affects your dexterity (+3).
   Fly:       It grants you flight.
   Drain:     It drains your maximum health when unequipped.
 u - a +6 ring of dexterity (right foreclaw)
 w - a +4 ring of protection (on tentacle)
 y - an amulet of reflection (around neck)
 D - a ring of fire
 P - a ring of poison resistance (on tentacle)
Talismans
 b - a beast talisman
 c - a flux talisman
 N - a dragon-blood talisman (active)
Wands
 o - a wand of polymorph (10)
 G - a wand of light (13)
 K - a wand of flame (12)
 M - a wand of mindburst (18)
 X - a wand of digging (7)
 Y - a wand of paralysis (2)
Scrolls
 g - 4 scrolls of enchant armour
 h - 5 scrolls of blinking
 k - 3 scrolls of immolation
 l - 3 scrolls of noise
 n - 4 scrolls of vulnerability
 p - 3 scrolls of poison {unknown}
 r - 2 scrolls of teleportation {unknown}
 x - 3 scrolls of fog {unknown}
 A - 3 scrolls of enchant weapon {unknown}
 B - a scroll of silence {unknown}
 E - 2 scrolls of acquirement {unknown}
 H - 2 scrolls of amnesia
 L - a scroll of torment
 O - a scroll of revelation {unknown}
 Z - a scroll of butterflies {unknown}
Potions
 d - 3 potions of haste
 e - 7 potions of might
 f - 3 potions of degeneration
 i - 11 potions of curing
 j - 2 potions of ambrosia
 m - a potion of magic
 s - a potion of invisibility
 v - 2 potions of attraction
 C - 3 potions of enlightenment
 F - 4 potions of mutation
 Q - 3 potions of brilliance
 T - a potion of cancellation {unknown}
Miscellaneous
 J - a phantom mirror (quivered)
 V - a sack of spiders (inert)


   Skills:
 - Level 8.0 Fighting
 - Level 3.0 Ranged Weapons
 - Level 8.0 Dodging
 - Level 1.4 Shields
 - Level 8.1 Unarmed Combat
 + Level 3.1 Invocations
 - Level 5.0 Evocations
 * Level 17.0 Shapeshifting


You had 12 spell levels left.
You didn't know any spells.
Your spell library contained the following spells:

 Spells                   Type           Power      Damage    Failure   Level
 Foxfire                  Conj/Fire      0%         2x1d4     32%         1
 Magic Dart               Conj           0%         1d3       32%         1
 Sandblast                Erth           0%         2d4       32%         1
 Shock                    Conj/Air       0%         1d3       32%         1
 Call Imp                 Summ           0%         N/A       45%         2
 Passwall                 Tmut/Erth      0%         N/A       45%         2
 Call Canine Familiar     Summ           0%         N/A       69%         3
 Inner Flame              Hex/Fire       0%         N/A       69%         3
 Mephitic Cloud           Conj/Pois/Air  0%         N/A       69%         3
 Ozocubu's Armour         Ice            0%         N/A       69%         3
 Sigil of Binding         Hex            0%         N/A       69%         3
 Stone Arrow              Conj/Erth      0%         3d7       69%         3
 Animate Dead             Necr           0%         N/A       97%         4
 Dimensional Bullseye     Hex/Tloc       0%         N/A       97%         4
 Flame Wave               Conj/Fire      0%         2d4       97%         4
 Leda's Liquefaction      Hex/Erth       0%         N/A       97%         4
 Olgreb's Toxic Radiance  Pois           0%         N/A       97%         4
 Sticky Flame             Conj/Fire      0%         2d3       97%         4
 Summon Lightning Spire   Summ/Air       0%         N/A       97%         4
 Vhi's Electric Charge    Tloc/Air       0%         N/A       97%         4
 Borgnjor's Vile Clutch   Necr/Erth      0%         N/A       100%        5
 Lee's Rapid Deconstruct  Erth           0%         3d4*      100%        5
 Conjure Ball Lightning   Conj/Air       0%         3x3d6     100%        6
 Death Channel            Necr           0%         N/A       100%        6
 Leda's Unmaking          Conj/Erth      0%         9d1       100%        6
 Plasma Beam              Fire/Air       0%         2x1d10    100%        6
 Starburst                Conj/Fire      0%         6d3       100%        6
 Ozocubu's Refrigeration  Ice            0%         4d7       100%        7
 Discord                  Hex            0%         N/A       100%        8
 Ignition                 Fire           0%         3d3       100%        8
 Maxwell's Capacitive Co  Air            0%         ∞         100%        8
 Animate Armour           Summ/Erth      Unusable   N/A       N/A         4

Dungeon Overview and Level Annotations

Branches:
Dungeon (11/15)            Temple (1/1) D:5            Lair (5/5) D:11
  Swamp (0/4) Lair:3       Spider (0/4) Lair:3          Orc (0/2) D:10
  Sewer (visited)           IceCv (visited)
  Slime: Lair:4-5

Altars:
Ashenzari
Cheibriados
Dithmenos
Elyvilon
Fedhas
Gozag
Hepliaklqana
Kikubaaqudgha
Makhleb
Nemelex Xobeh
Okawaru
Qazlal
Ru
Sif Muna
Trog
Uskayaw
Vehumet
Wu Jian
Xom
Yredelemnul
Zin

Shops:
D:5 *   D:9 [   D:10 [([*(   D:11 ?

Annotations:
D:3 3 runed translucent doors, Age's ghost, weakling MiFi; MrSquiggles's ghost, amateur TeGl; Wurlitzer's ghost, amateur BaHs
D:6 2 transporters
D:8 1 runed translucent door, IHitMyHead's ghost, novice MiFi


Innate Abilities, Weirdness & Mutations

You are a fearsome dragon!
You have a powerful clawing attack.
Your giant scaled body is strong and resilient, but less evasive.
You can breathe fire.
You are flying.
Your maximum health is greatly increased.
Your armour is entirely melded.
You are incapable of wielding weapons or throwing items.
Your life essence is reduced to manifest your ancestor. (-10% HP)
You cannot wear most types of armour.
You are amphibious.
You can wear up to eight rings at the same time.
((Your skin changes colour to match your surroundings (Stealth+).))
((Your rubbery body absorbs attacks. (AC +1, EV +1)))
((You are camouflaged when in or above water. (Stealth+)))
((You have tentacles for arms and can constrict up to eight enemies at once.))


Message History

The death yak gores your culicivora!!
You are engulfed in calcifying dust.
The catoblepas gores you!!
* * * LOW HITPOINT WARNING * * *
The death yak gores your culicivora!!
Your culicivora dies!
Your culicivora's corpse disappears in a puff of smoke!
The catoblepas looks more healthy.
The catoblepas gores you!!
* * * LOW HITPOINT WARNING * * *
You turn to flesh and can move again.
You feel much better. The death yak gores you.
Claw: -) Teeth and claws
Press: ? - help, Dir - move target, f - catoblepas
Aim: a catoblepas (lightly wounded, about 8% to evade your foreclaws)
You maul the catoblepas!!!
The catoblepas is severely wounded.
You hear a roar!
The catoblepas gores you but does no damage.
Unknown command.
You bite the catoblepas!!
You kill the catoblepas!
The death yak gores you!
* * * LOW HITPOINT WARNING * * *
The death yak gores you but does no damage.
Your Invocations skill increases to level 3!
Your Shapeshifting skill increases to level 17!
Claw: -) Teeth and claws
Press: ? - help, Dir - move target, f - death yak
Aim: a death yak (lightly wounded, about 15% to evade your foreclaws)
You bite the death yak!!
The death yak is heavily wounded.
The death yak gores you!
* * * LOW HITPOINT WARNING * * *
You bite the death yak!!
The death yak is almost dead.
The death yak gores you!
* * * LOW HITPOINT WARNING * * *
The death yak gores you.
* * * LOW HITPOINT WARNING * * *
The death yak gores you!!
You die...

#..÷.#
##...#
#...#
##..#
#..##
#...#
#...#
#.P.#
#DY.#
##YY##
#..##
#†##
#.÷...#
##.....
.......#
####P..##
###.#


You could see 3 death yaks.

Vanquished Creatures
  Gastronok (Lair:1)
  2 hydras
  2 catoblepae
  2 boulder beetles
  3 death yaks (Lair:5)
  A two-headed ogre (D:11)
  Urug (Lair:1)
  Amaemon (D:11)
  Sonja (D:10)
  A skyshark (Lair:4)
  An orb spider (Lair:3)
  2 bog bodies (Lair:3)
  Pikel (D:8)
  Maurice (D:9)
  2 black mambas
  2 elephants (Lair:5)
  2 ice statues (IceCv)
  A torpor snail (Lair:4)
  Jeremiah (D:8)
  An orange demon (D:11)
  Maggie (Lair:1)
  A smoke demon (D:9)
  2 unseen horrors (D:11)
  7 cane toads
  5 komodo dragons
  2 rime drakes
  2 red devils (D:9)
  2 trolls (D:11)
  A hellwing (D:9)
  2 polar bears
  2 dream sheep (Lair:4)
  A basilisk (Lair:2)
  2 wraiths
  Grum (Lair:1)
  2 wyverns
  16 yaks
  A hog (Lair:4)
  A harpy simulacrum (IceCv)
  3 swamp worms (Lair:3)
  An acid dragon (D:11)
  6 water moccasins
  A black bear (D:5)
  3 ice beasts
  10 orc warriors
  2 sky beasts (D:8)
  3 ogres
  22 wolves
  7 centaurs
  A phantom (D:6)
  2 kobold brigands
  8 bullfrogs
  A scorpion (D:4)
  A gnoll sergeant (D:6)
  10 wights
  7 killer bees
  6 electric eels
  A howler monkey (D:3)
  4 jellies
  13 hounds
  2 gnoll boudas
  5 orc priests
  5 iguanas (D:5)
  5 sleepcaps
  9 orc wizards
  7 hell rats (Lair:2)
  A polar bear simulacrum (IceCv)
  16 gnolls
  13 adders
  A river rat (D:3)
  2 shadow imps
  12 white imps
  An ufetubus (D:6)
  A worm (D:4)
  5 dart slugs
  24 orcs
  16 ball pythons
  5 endoplasms
  10 giant cockroaches
  3 goblins
  9 hobgoblins
  11 jackals
  8 quokkas
  5 bats
  13 frilled lizards
  11 kobolds
  7 rats
399 creatures vanquished.

Vanquished Creatures (collateral kills)
  Kirke (Lair:4)
  A two-headed ogre (D:11)
  An ugly thing (IceCv)
  2 elephants (Lair:5)
  A rime drake (Lair:4)
  A freezing wraith (IceCv)
  A dream sheep (Lair:4)
  A yak (Lair:4)
  A wolf (Lair:1)
  2 bullfrogs
  2 elephant simulacra (IceCv)
  An electric eel (Lair:2)
  A white imp (Lair:3)
16 creatures vanquished.

Vanquished Creatures (others)
  2 humans (Lair:4)
  3 hexers
  3 ancestors
8 creatures vanquished.

Grand Total: 423 creatures vanquished

Notes
Turn   | Place    | Note
-------+----------+-------------------------------------------
     0 | D:1      | LeprechaunX the Octopode Shapeshifter began the quest for
                  | the Orb.
     0 | D:1      | Reached XP level 1. HP: 13/13 MP: 1/1
    68 | D:1      | Reached XP level 2. HP: 12/18 MP: 2/2
   134 | D:1      | Found a faded altar of an unknown god.
   485 | D:1      | Reached XP level 3. HP: 19/23 MP: 3/3
   713 | D:1      | Got the Guide on Thunder
  1079 | D:2      | Found the +2 ratskin cloak {*Rats rPois rN+ Str-1 Int-1
                  | Dex+1}
  1756 | D:3      | Reached XP level 4. HP: 28/29 MP: 4/4
  1952 | D:3      | Found a glowing drain.
  1959 | Sewer    | Entered a sewer
  1996 | Sewer    | Reached skill level 4 in Shapeshifting
  1996 | Sewer    | Reached XP level 5. HP: 29/34 MP: 5/5
  2077 | Sewer    | Reached XP level 6. HP: 5/41 MP: 6/6
  2389 | D:3      | Identified the ring "Wepluiva" {Drain Fly Str+4 Dex+3}
  2758 | D:3      | Found a runed translucent gate.
  2758 | D:3      | Found a runed translucent gate.
  2759 | D:3      | Found a runed translucent gate.
  2760 | D:3      | Noticed Wurlitzer's ghost (amateur BaHs)
  2760 | D:3      | Noticed MrSquiggles's ghost (amateur TeGl)
  2760 | D:3      | Noticed Age's ghost (weakling MiFi)
  2813 | D:4      | Reached skill level 1 in Evocations
  2823 | D:4      | Reached skill level 5 in Shapeshifting
  2823 | D:4      | Reached XP level 7. HP: 38/46 MP: 7/7
  3626 | D:5      | Entered Level 5 of the Dungeon
  3871 | D:5      | Found a broken altar of Ashenzari.
  3874 | D:5      | Found a shimmering blue altar of Sif Muna.
  3904 | D:5      | Found a staircase to the Ecumenical Temple.
  4056 | D:5      | Found a glowing silver altar of Zin.
  4056 | D:5      | Found Zin's Purification Station.
  4348 | D:5      | Reached XP level 8. HP: 54/54 MP: 8/8
  4708 | D:5      | Reached skill level 5 in Unarmed Combat
  4708 | D:5      | Reached skill level 6 in Shapeshifting
  5497 | D:6      | Reached skill level 5 in Dodging
  5631 | D:6      | Reached XP level 9. HP: 59/59 MP: 9/9
  5656 | D:6      | Noticed a troll
  5657 | D:6      | Found a transporter.
  5657 | D:6      | Noticed a deep elf pyromancer
  5658 | D:6      | Found a transporter.
  5704 | D:6      | Found a hide-covered altar of Uskayaw.
  5706 | D:6      | Found an iron altar of Okawaru.
  5707 | D:6      | Found an ancient bone altar of Kikubaaqudgha.
  5769 | D:6      | Reached skill level 7 in Shapeshifting
  5878 | D:6      | Reached skill level 5 in Fighting
  6470 | D:7      | Found a blossoming altar of Fedhas.
  7166 | D:8      | Reached skill level 5 in Evocations
  7206 | D:8      | Reached skill level 1 in Ranged Weapons
  7206 | D:8      | Reached skill level 8 in Shapeshifting
  7206 | D:8      | Reached XP level 10. HP: 55/68 MP: 10/10
  7551 | D:8      | Noticed Jeremiah
  7564 | D:8      | Killed Jeremiah
  7831 | D:8      | Noticed Pikel
  7841 | D:8      | Killed Pikel
  7880 | D:8      | Found a sacrificial altar of Ru.
  8100 | D:8      | Found a runed translucent door.
  8101 | D:8      | Noticed a tengu warrior
  8101 | D:8      | Noticed IHitMyHead's ghost (novice MiFi)
  8965 | D:9      | Noticed a smoke demon
  9163 | D:9      | Found Bizxyghaod's Armour Shop.
  9171 | D:9      | Bought a +0 kite shield for 72 gold pieces
  9175 | D:9      | Noticed Maurice
  9189 | D:9      | Killed Maurice
  9278 | D:9      | Found a bloodstained altar of Trog.
  9414 | D:9      | Killed a smoke demon
  9415 | D:9      | Reached skill level 9 in Shapeshifting
  9680 | D:9      | Found a snail-covered altar of Cheibriados.
  9983 | Temple   | Entered the Ecumenical Temple
  9988 | Temple   | Became a worshipper of Hepliaklqana the Forgotten
 10147 | D:10     | Entered Level 10 of the Dungeon
 10147 | D:10     | Found Xocuf's Antique Armour Boutique.
 10169 | D:10     | Noticed Sonja
 10179 | D:10     | Reached XP level 11. HP: 73/74 MP: 11/11
 10197 | D:10     | Killed Sonja
 10553 | D:10     | Found a staircase to the Orcish Mines.
 10661 | D:10     | Reached skill level 10 in Shapeshifting
 10828 | D:10     | Found Ebuaq's Armour Shop.
 10937 | D:10     | Found a radiant altar of Vehumet.
 10939 | D:10     | Found Ocuyw's Antique Weapon Shoppe.
 11046 | D:10     | Found Ciupleg's Assorted Antiques.
 11058 | D:10     | Found Wiax's Weapon Emporium.
 11134 | D:10     | Found a portal to a secret trove of treasure.
 11340 | Trove    | Entered a treasure trove
 11356 | Trove    | Identified the +1 battleaxe of Classification {vamp, rCorr
                  | Str+5 Dex+3}
 11360 | Trove    | Identified the +5 war axe of Strategic Superiority {freeze,
                  | rPois Str+4}
 11374 | Trove    | Identified the +0 buckler of the Stars {rC+ Dex+2}
 11524 | D:11     | Noticed Amaemon
 11557 | D:11     | Killed Amaemon
 11575 | D:11     | Reached skill level 1 in Shields
 11742 | D:11     | Found a staircase to the Lair.
 12330 | D:11     | Noticed a two-headed ogre
 12337 | D:11     | Killed a two-headed ogre
 12504 | D:11     | Reached skill level 11 in Shapeshifting
 12780 | D:11     | Reached * piety under Hepliaklqana
 12861 | D:11     | Noticed a two-headed ogre
 12875 | D:11     | Killed a two-headed ogre
 13087 | D:11     | Found The Oracle's Delphic Readings.
 13368 | Lair:1   | Entered Level 1 of the Lair of Beasts
 13368 | Lair:1   | Noticed Maggie
 13372 | Lair:1   | Killed Maggie
 13373 | Lair:1   | Reached XP level 12. HP: 69/73 MP: 12/12
 13502 | Lair:1   | Noticed a boulder beetle
 13515 | Lair:1   | Killed a boulder beetle
 13516 | Lair:1   | Reached skill level 12 in Shapeshifting
 13771 | Lair:1   | Noticed Gastronok
 13820 | Lair:1   | Killed Gastronok
 13897 | Lair:1   | Noticed Grum
 13898 | Lair:1   | Noticed Urug
 13910 | Lair:1   | Killed Grum
 13936 | Lair:1   | HP: 1/73 [Urug/javelin (24)]
 14182 | Lair:1   | Killed Urug
 14183 | Lair:1   | Reached skill level 13 in Shapeshifting
 14759 | Lair:2   | Noticed a six-headed hydra
 14765 | Lair:2   | Killed an eight-headed hydra
 15274 | Lair:2   | Reached skill level 14 in Shapeshifting
 15296 | Lair:2   | Reached ** piety under Hepliaklqana
 15299 | Lair:2   | Remembered your ancestor Cenhelm as a hexer
 16112 | Lair:3   | Found a frozen archway.
 16149 | IceCv    | Entered an ice cave
 16157 | IceCv    | Reached XP level 13. HP: 16/79 MP: 13/13
 16163 | IceCv    | Found a transporter.
 16334 | IceCv    | Found a transporter.
 16592 | IceCv    | HP: 1/79 [something (6)]
 16593 | IceCv    | Reached skill level 15 in Shapeshifting
 17074 | Lair:3   | Found a staircase to the Swamp.
 17129 | Lair:3   | Reached *** piety under Hepliaklqana
 17435 | Lair:3   | Found a hole to the Spider Nest.
 17833 | Lair:4   | Noticed Kirke
 17848 | Lair:4   | Killed Kirke
 17864 | Lair:4   | Identified the +7 long sword of the Median {heavy, Fragile
                  | +Blink rN+ Str+2}
 18058 | Lair:4   | Reached skill level 16 in Shapeshifting
 18700 | Lair:4   | Reached **** piety under Hepliaklqana
 18943 | Lair:5   | Entered Level 5 of the Lair of Beasts
 19104 | Lair:5   | Reached skill level 1 in Invocations
 19195 | Lair:5   | Reached skill level 17 in Shapeshifting
 19196 | Lair:5   | Mangled by a death yak

Illustrated notes

Levels and vault maps discovered:
D:1:      wander_arrival_peaceful_grave, layout_loops_corners,
          shapermc_ecumenical_altar_pompeii
D:2:      layout_loops_ring
D:3:      layout_basic, gammafunk_ghost_cemetery, gup_sewer_entry_bubbles
D:4:      layout_loops_cross
D:5:      minmay_polygon_palace, layout_loops_ring, zin_purify,
          nicolae_overflow_squiral, temple_pool_b
D:6:      layout_basic, nicolae_overflow_hidden_temple,
          gammafunk_temple_overflow_arena
D:7:      layout_gridville, mainiacjoe_overflow_six_doors_small,
          nicolae_concentric_dashed_squares_wild, kennysheep_boxes
D:8:      minmay_inner_zag, layout_layer_cave, overflow_temple_1_default,
          ebering_ghost_inner_flame, uniq_pikel, uniq_jeremiah
D:9:      layout_rooms, mainiacjoe_overflow_concentric_impassable,
          mainiacjoe_overflow_brackets, serial_shops,
          nicolae_shop_gibbet_a_chance, nicolae_where_there's_smoke,
          uniq_maurice
D:10:     layout_basic, overflow_temple_1_default, david_orc_4,
          nicolae_trove_entry_diagonal, serial_shops, shop,
          nicolae_shop_crystal, shop, shop_fountains, shop, uniq_sonja
D:11:     layout_grid_maze, erik_lair_island, nicolae_nh_oracle_at_delphi,
          uniq_amaemon
Temple:   hellmonk_temple_micro_hex
Lair:1:   layout_loops_ring, hibernation_bobbens, uniq_grum, uniq_gastronok,
          uniq_maggie, uniq_urug
Lair:2:   layout_regular_city, serial_bayou_lake_a, serial_bayou_shore_a
Lair:3:   layout_regular_city, nicolae_swamp_entry_splash_gauntlet,
          nicolae_spider_entry_orb_guardian, portal_ice_cave_entry_imps
Lair:4:   layout_cave_shapes, infiniplex_staircase_pool_2, grunt_megastairs_2,
          uniq_kirke
Lair:5:   grunt_lair_end_beastmaster, layout_hall_layers,
          minmay_slime_entry_eyes

Skill      XL: |  1  2  3  4  5  6  7  8  9 10 11 12 13 |
---------------+----------------------------------------+-----
Fighting       | 2 3 4 5 6 8 |  8.0
Shapeshifting  | 4 5 6 8 9 11 14 17 | 17.0
Dodging        | 3 4 5 6 7 8 |  8.0
Unarmed Combat | 4 5 6 7 8 |  8.1
Evocations     | 1 2 3 5 |  5.0
Ranged Weapons | 1 3 |  3.0
Shields        | 1 |  1.4
Invocations    | 3 |  3.1

Action                     |  1- 3 |  4- 6 |  7- 9 | 10-12 | 13-15 || total
---------------------------+-------+-------+-------+-------+-------++-------
  Melee: Unarmed           |    83 |   110 |   209 |   425 |   147 ||   974
         Tentacles         |    14 |    24 |    56 |   108 |    16 ||   218
         Constrict         |    19 |    24 |    51 |    64 |       ||   158
         Punch             |     2 |     6 |     7 |    17 |    11 ||    43
         Tailslap          |       |       |       |    11 |    20 ||    31
         Bite              |       |       |       |     7 |    13 ||    20
   Fire: Shortbow          |       |       |    72 |    45 |       ||   117
         Longbow           |       |       |       |     7 |       ||     7
 Invoke: Ancestor Life: He |       |       |       |     1 |       ||     1
Ability: Breathe Fire      |       |       |       |     1 |     3 ||     4
  Evoke: Phantom mirror    |       |     1 |     1 |     4 |       ||     6
         Sack of spiders   |       |       |       |     1 |     2 ||     3
    Use: Scroll            |       |       |     1 |     6 |     9 ||    16
         Potion            |       |       |     1 |     2 |     4 ||     7
   Stab: Sleeping          |     6 |     3 |     3 |     2 |     1 ||    15
         Distracted        |       |       |     4 |     4 |     2 ||    10
         Confused          |       |       |       |     1 |     1 ||     2
         Held in net/web   |       |       |       |       |     6 ||     6
 Armour: Skin              |    35 |    30 |    97 |   212 |   112 ||   486
  Dodge: Dodged            |    43 |    60 |   149 |   281 |    61 ||   594
  Block: Other             |       |       |     3 |    99 |    16 ||   118
         Reflection        |       |       |       |    10 |       ||    10
         Buckler           |       |       |       |    18 |    10 ||    28
   Form: Flux              |       |       |       |     3 |       ||     3
         Beast             |       |       |       |     2 |       ||     2
         Dragon            |       |       |       |     1 |     1 ||     2

Table legend: (Time is in decaauts)
 A = Elapsed time spent in this place.
 B = Non-inter-level travel time spent in this place.
 C = Inter-level travel time spent in this place.
 D = Time resting spent in this place.
 E = Time spent auto-exploring this place.
 F = Levels seen in this place.
 G = Mean time per level.
                   A        B        C        D        E       F      G
               +--------+--------+--------+--------+--------+-----+--------+
         Total |  19126 |  18311 |    815 |   3373 |  11628 |  20 |  956.3 |
       Dungeon |  13128 |  12401 |    727 |   1922 |   8231 |  11 | 1193.5 |
        Temple |     10 |     10 |      0 |      0 |      0 |   1 |   10.0 |
          Lair |   4911 |   4824 |     87 |    755 |   3350 |   5 |  982.2 |
         Trove |     57 |     57 |      0 |      0 |      7 |   1 |   57.0 |
         Sewer |    339 |    339 |      0 |    132 |     40 |   1 |  339.0 |
      Ice Cave |    679 |    679 |      0 |    563 |      0 |   1 |  679.0 |
               +--------+--------+--------+--------+--------+-----+--------+

Top non-repeatable levels by time:
     D:8: 2150 daAuts
    D:11: 2130 daAuts
     D:5: 1414 daAuts
     D:6: 1305 daAuts
  Lair:2: 1230 daAuts
    D:10: 1215 daAuts
  Lair:3: 1169 daAuts
  Lair:1: 1157 daAuts
  Lair:4: 1104 daAuts
     D:1: 1037 daAuts
     D:4: 893 daAuts
     D:7: 801 daAuts
     D:9: 774 daAuts
     D:3: 727 daAuts
   IceCv: 679 daAuts
